 Dungeon Crawl Stone Soup version 0.29-a0-1039-gfc20370e89 (webtiles) character file.

Game seed: 14120259145133678161

66 BritishOli the Trooper (level 3, -1/29 HPs)
             Began as a Demonspawn Fighter on Aug 15, 2022.
             Frozen to death by an endoplasm (4 damage)
             ... on level 3 of the Dungeon.
             The game lasted 00:02:14 (1514 turns).

BritishOli the Trooper (Demonspawn Fighter)         Turns: 1514, Time: 00:02:16

Health: -1/29      AC:  9    Str: 18    XL:     3   Next: 96%
Magic:  3/3        EV:  9    Int:  9    God:
Gold:   93         SH:  4    Dex: 12    Spells: 2/2 levels left

rFire   + . .      SeeInvis .   a - +0 long sword
rCold   x . .      Faith    .   c - +0 buckler
rNeg    . . .      Spirit   .   b - +0 scale mail
rPois   .          Reflect  .   q - +0 helmet
rElec   .          Harm     .   w - +0 cloak
rCorr   +          Rampage  .   (no gloves)
Will    .....                   (no boots)
Stlth   ..........              (no amulet)
HPRegen 0.09/turn               k - ring of fire
MPRegen 0.08/turn               t - ring of resist corrosion

@: slowed, very slow
A: powered by death 2
a: no special abilities


You were on level 3 of the Dungeon.
You visited 1 branch of the dungeon, and saw 3 of its levels.

You collected 93 gold pieces.

Inventory:

Hand Weapons
 a - a +0 long sword (weapon)
Armour
 b - a +0 scale mail (worn)
 c - a +0 buckler (worn)
 q - a +0 helmet (worn)
 w - a +0 cloak (worn)
Jewellery
 k - a ring of fire (left hand)
 t - a ring of resist corrosion (right hand)
Scrolls
 e - a scroll of immolation {unknown}
 g - a scroll of brand weapon {unknown}
 h - 4 scrolls of noise {unknown}
 i - a scroll of enchant weapon {unknown}
 j - 6 scrolls of identify {unknown}
 m - a scroll of vulnerability {unknown}
 n - a scroll of fear {unknown}
 p - a scroll of teleportation {unknown}
 u - a scroll of summoning {unknown}
 x - a scroll of acquirement {unknown}
 y - a scroll of torment {unknown}
 z - a scroll of blinking {unknown}
 A - a scroll of silence {unknown}
Potions
 d - 3 potions of might
 f - 2 potions of degeneration {unknown}
 l - a potion of brilliance {unknown}
 o - a potion of mutation {unknown}
 r - a potion of lignification {unknown}
 s - a potion of berserk rage {unknown}
 v - a potion of flight {unknown}


   Skills:
 + Level 3.5 Fighting
 + Level 2.4 Long Blades
 + Level 3.2 Armour
 + Level 3.2 Shields


You had 2 spell levels left.
You didn't know any spells.
Your spell library contained the following spells:

 Spells                   Type           Power      Damage    Failure   Level
 Magic Dart               Conj           0%         1d3       86%         1
 Call Imp                 Summ           0%         N/A       94%         2
 Sublimation of Blood     Necr           0%         N/A       94%         2
 Mephitic Cloud           Conj/Pois/Air  0%         N/A       99%         3
 Stone Arrow              Conj/Erth      0%         3d7       99%         3
 Animate Armour           Summ/Erth      0%         N/A       100%        4
 Petrify                  Tmut/Erth      0%         N/A       100%        4
 Irradiate                Conj/Tmut      0%         3d11      100%        5
 Lehudib's Crystal Spear  Conj/Erth      0%         10d2      100%        8


Dungeon Overview and Level Annotations

Branches:
Dungeon (3/15)

Altars:
Vehumet

Annotations:
D:3 Natasha


Innate Abilities, Weirdness & Mutations

You regenerate health from kills.


Message History

Natasha is almost dead.
Natasha claws you but does no damage.
Natasha mumbles some strange words.
You slash Natasha!
You kill Natasha!
Natasha growls in agony!
The iron imp disappears in a puff of smoke!
No target in view!
You feel yourself speed up.
You now have 81 gold pieces (gained 16).
You now have 93 gold pieces (gained 12).
You open the door.
Natasha, Servant of Life and Death comes into view.
Natasha hisses angrily.
An endoplasm comes into view.
Found a radiant altar of Vehumet.
Natasha claws you.
There is an open door here.
You closely miss Natasha. Natasha claws you but does no damage.
You closely miss Natasha. Natasha closely misses you.
You hit Natasha.
Natasha is lightly wounded.
Natasha claws you. Natasha misses you.
You hit Natasha but do no damage.
Natasha is lightly wounded.
Natasha casts a spell at you.
You feel yourself slow down.
You barely miss Natasha.
Natasha is lightly wounded.
Natasha claws you but does no damage.
The endoplasm hits you but does no damage.
Natasha claws you.
You closely miss Natasha.
Natasha is lightly wounded.
The endoplasm freezes you.
You are frozen!
You feel a terrible chill! Natasha claws you.
* * * LOW HITPOINT WARNING * * *
The endoplasm freezes you.
You are frozen.
You feel a terrible chill!
You die...

.... ..####### ...
#.#...#.# #.# #.#.....#
##.## #.......# .#..##
#......+##+ ....†###
##....##..#
###....####.....#..# #
#.##.........J#..#....
.##.......#...#.@h.'.._.
....#####.....###..#....
..#.# ##.#### ..# #
..#.. #.# ..# # ##. #..
##+ . .... ##.## .# ..


You could see Natasha and an endoplasm.

Vanquished Creatures
  Natasha (D:3)
  A worm (D:2)
  A dart slug (D:2)
  A bat (D:1)
  A bat skeleton (D:2)
  A bat zombie (D:2)
  An endoplasm (D:1)
  4 goblins (D:1)
  A hobgoblin (D:1)
  8 jackals
  A quokka (D:1)
  A ball python (D:1)
  A frilled lizard (D:1)
  4 kobolds
  A quokka zombie (D:2)
  6 rats
34 creatures vanquished.

Notes
Turn   | Place    | Note
-------+----------+-------------------------------------------
     0 | D:1      | BritishOli the Demonspawn Fighter began the quest for the
                  | Orb.
     0 | D:1      | Reached XP level 1. HP: 18/18 MP: 1/1
   373 | D:1      | Gained mutation: You regenerate a little health from kills.
                  | [demonic ancestry]
   373 | D:1      | Reached XP level 2. HP: 21/24 MP: 2/2
   732 | D:1      | Found a faded altar of an unknown god.
   937 | D:1      | You fall into a shaft and drop 1 floor!
   996 | D:2      | Gained mutation: You regenerate health from kills. [demonic
                  | ancestry]
   996 | D:2      | Reached XP level 3. HP: 22/29 MP: 3/3
  1475 | D:3      | Noticed Natasha
  1486 | D:3      | Killed Natasha
  1507 | D:3      | Found a radiant altar of Vehumet.
  1507 | D:3      | Noticed Natasha
  1514 | D:3      | Frozen to death by an endoplasm

Illustrated notes

Levels and vault maps discovered:
D:1:      minmay_arrival_up_and_down, layout_basic,
          ebering_ecumenical_altar_petrified
D:2:      layout_rooms, serial_undead, serial_undead_b, serial_undead_f,
          serial_undead_b, serial_undead_d
D:3:      layout_rooms, grunt_temple_overflow_order_and_chaos_1,
          mainiacjoe_overflow_24_doors, uniq_natasha, uniq_ijyb

Skill      XL: |  1  2 |
---------------+-------+-----
Long Blades    | 2 |  2.4
Armour         | 3 |  3.2
Shields        | 3 |  3.2
Fighting       | |  3.5

Action                   || total
-------------------------++-------
Melee: Long sword        ||   131
Armor: Scale mail        ||    53
Dodge: Dodged            ||    61
Block: Buckler           ||    28

Table legend: (Time is in decaauts)
 A = Elapsed time spent in this place.
 B = Non-inter-level travel time spent in this place.
 C = Inter-level travel time spent in this place.
 D = Time resting spent in this place.
 E = Time spent auto-exploring this place.
 F = Levels seen in this place.
 G = Mean time per level.
                   A        B        C        D        E       F      G
               +--------+--------+--------+--------+--------+-----+--------+
         Total |   1565 |   1538 |     27 |    361 |    860 |   3 |  521.7 |
       Dungeon |   1565 |   1538 |     27 |    361 |    860 |   3 |  521.7 |
               +--------+--------+--------+--------+--------+-----+--------+

Top non-repeatable levels by time:
     D:1: 959 daAuts
     D:2: 537 daAuts
     D:3: 68 daAuts
